 Dungeon Crawl Stone Soup version 0.27-a0-686-gaed091b46b (webtiles) character file.

Game seed: 13146786414203142607

84 ReteAZ the Skirmisher (level 4, 0/49 HPs)
             Began as an Ogre Hunter on Mar 21, 2021.
             Slain by an orc
             ... wielding a +0 flail
              (5 damage)
             ... on level 3 of the Dungeon.
             The game lasted 00:02:26 (3170 turns).

ReteAZ the Skirmisher (Ogre Hunter)                 Turns: 3170, Time: 00:02:27

Health: 0/49       AC:  3    Str: 16    XL:     4   Next: 46%
Magic:  4/4        EV: 10    Int: 13    God:
Gold:   108        SH:  0    Dex:  9    Spells: 3/3 levels left

rFire    . . .     SeeInvis .   h - +0 falchion
rCold    . . .     Faith    .   (no shield)
rNeg     . . .     Spirit   .   b - +0 robe
rPois    .         Reflect  .   (helmet restricted)
rElec    .         Harm     .   (no cloak)
rCorr    .         Rampage  .   (gloves unavailable)
Will     .....                  (boots unavailable)
Stlth    +.........             (no amulet)
HPRegen  0.16/turn              (no ring)
MPRegen  0.09/turn              (no ring)

@: flying
A: large, unfitting armour, tough skin 1
a: no special abilities


You were on level 3 of the Dungeon.
You visited 1 branch of the dungeon, and saw 3 of its levels.

You collected 108 gold pieces.

Inventory:

Hand Weapons
 a - a +0 short sword
 h - a +0 falchion (weapon)
Missiles
 c - 5 large rocks (quivered)
 d - 3 throwing nets
Armour
 b - a +0 robe (worn)
Jewellery
 j - an amulet of the acrobat
 l - a ring of resist corrosion
Scrolls
 e - 3 scrolls of teleportation {unknown}
 f - a scroll of enchant weapon {unknown}
 i - 3 scrolls of identify {unknown}
 k - a scroll of blinking {unknown}
Potions
 m - a potion of mutation {unknown}


   Skills:
 + Level 4.6 Fighting
 - Level 4.0 Throwing
 + Level 3.1 Dodging
 - Level 0.6 Stealth


You had 3 spell levels left.
You didn't know any spells.
Your spell library was empty.

Dungeon Overview and Level Annotations

Branches:
Dungeon (3/15)

Altars:


Innate Abilities, Weirdness & Mutations

You are too large for most types of armour.
You have tough skin. (AC +1)


Message History

The orc hits you with a +0 flail.
The orc enters a dispersal trap!
The orc blinks! x3; You blink.
You are too injured to fight recklessly!
You are too injured to fight recklessly!
You are too injured to fight recklessly!
You are too injured to fight recklessly!
You are too injured to fight recklessly!
You are too injured to fight recklessly!
You are too injured to fight recklessly!
You are too injured to fight recklessly!
You are too injured to fight recklessly!
You are too injured to fight recklessly!
You are too injured to fight recklessly!
You are too injured to fight recklessly!
Found a scroll labelled ATAPSE ZOFE.
You start resting.
An orc is nearby!
You barely miss the orc. The orc hits you with a +0 flail!
You are too injured to fight recklessly!
You are too injured to fight recklessly!
You slash the orc!
You kill the orc!
The orc hits you with a +0 mace.
You see here a +0 flail.
You hit the orc but do no damage. The orc hits you with a +0 mace!
* * * LOW HITPOINT WARNING * * *
You hit the orc.
The orc is almost dead.
The orc closely misses you. The orc hits you with a +0 mace.
* * * LOW HITPOINT WARNING * * *
You closely miss the orc.
The orc is almost dead.
You hit the orc.
You kill the orc!
The orc closely misses you.
You aren't carrying any items that you can evoke.
It was a potion of flight.
You feel very buoyant.
You fly up into the air.
The orc hits you with a +0 flail.
You die...

##### #<..#
###(#
#.##########
#.#))o@..?.#
#.#.######.#
#.#.## #.#..#
#.##.# #.##.#
########.##o#
.oo...§o....#
###...§..####


You could see an orc.

Vanquished Creatures
  An adder (D:2)
  2 worms (D:2)
  3 dart slugs (D:1)
  4 leopard geckos
  2 orcs (D:3)
  4 ball pythons
  6 bats
  4 giant cockroaches
  9 goblins
  A hobgoblin (D:1)
  6 jackals
  3 frilled lizards
  4 kobolds
  4 rats
53 creatures vanquished.

Vanquished Creatures (others)
  5 plants (D:2)
5 creatures vanquished.

Grand Total: 58 creatures vanquished

Notes
Turn   | Place    | Note
-------+----------+-------------------------------------------
     0 | D:1      | ReteAZ the Ogre Hunter began the quest for the Orb.
     0 | D:1      | Reached XP level 1. HP: 22/22 MP: 1/1
   120 | D:1      | Reached XP level 2. HP: 31/31 MP: 2/2
   746 | D:1      | Reached XP level 3. HP: 34/39 MP: 3/3
  2331 | D:2      | Reached XP level 4. HP: 34/49 MP: 4/4
  3170 | D:3      | Slain by an orc

Illustrated notes

Levels and vault maps discovered:
D:1:      dpeg_arrival_leaves_temple_mockup, layout_basic
D:2:      layout_rooms, serial_forest, infiniplex_forest_clump_small,
          infiniplex_forest_clump_small, infiniplex_forest_straight_2,
          infiniplex_forest_clump_long, infiniplex_forest_corner_1,
          infiniplex_forest_clump_large
D:3:      gammafunk_steamed_eel, layout_basic, gammafunk_temple_overflow_statue,
          uniq_grinder, uniq_jessica, uniq_purgy, uniq_ijyb

Skill      XL: |  1  2  3  4 |
---------------+-------------+-----
Fighting       | 3 4 |  4.6
Dodging        | 2 3 |  3.1
Throwing       | |  4.0
Stealth        | |  0.6

Action                   |  1- 3 |  4- 6 || total
-------------------------+-------+-------++-------
Melee: Short sword       |    70 |       ||    70
       Falchion          |    85 |    43 ||   128
  Use: Potion            |       |     1 ||     1
Armor: Robe              |    60 |    14 ||    74
Dodge: Dodged            |   102 |    19 ||   121
       Rpst.: Falchion   |    18 |     5 ||    23

Table legend: (Time is in decaauts)
 A = Elapsed time spent in this place.
 B = Non-inter-level travel time spent in this place.
 C = Inter-level travel time spent in this place.
 D = Time resting spent in this place.
 E = Time spent auto-exploring this place.
 F = Levels seen in this place.
 G = Mean time per level.
                   A        B        C        D        E       F      G
               +--------+--------+--------+--------+--------+-----+--------+
         Total |   3219 |   3076 |    143 |    607 |   1983 |   3 | 1073.0 |
       Dungeon |   3219 |   3076 |    143 |    607 |   1983 |   3 | 1073.0 |
               +--------+--------+--------+--------+--------+-----+--------+

Top non-repeatable levels by time:
     D:1: 2122 daAuts
     D:2: 1059 daAuts
     D:3: 37 daAuts
